 Dungeon Crawl Stone Soup version 0.26-b1-32-g5d43845318 (webtiles) character file.

Game seed: 13331706946533526470

7 jmlagarto the Conjurer (level 2, -4/15 HPs)
             Began as a Kobold Conjurer on Jan 10, 2021.
             Slain by Natasha (8 damage)
             ... on level 2 of the Dungeon.
             The game lasted 00:01:20 (502 turns).

jmlagarto the Conjurer (Kobold Conjurer)             Turns: 502, Time: 00:01:20

Health: -4/15      AC:  2    Str:  4    XL:     2   Next: 10%
Magic:  4/5        EV: 15    Int: 19    God:
Gold:   13         SH:  0    Dex: 13    Spells: 4/5 levels left

rFire    . . .     SeeInvis .   g - -3 whip (curse)
rCold    . . .     Faith    .   (shield restricted)
rNeg     . . .     Spirit   .   a - +0 robe
rPois    .         Reflect  .   (no helmet)
rElec    .         Harm     .   (no cloak)
rCorr    .         Rampage  .   (no gloves)
Will     .....                  (no boots)
Stlth    +++.......             (no amulet)
HPRegen  0.05/turn              (no ring)
MPRegen  0.09/turn              (no ring)

@: about to teleport
A: small, nightstalker 3
a: no special abilities


You were on level 2 of the Dungeon.
You visited 1 branch of the dungeon, and saw 2 of its levels.

You collected 13 gold pieces.

Inventory:

Hand Weapons
 g - a cursed -3 whip (weapon)
Armour
 a - a +0 robe (worn)
Scrolls
 b - 2 scrolls of magic mapping
 c - a scroll of teleportation
 d - a scroll of identify {unknown}
 e - a scroll of remove curse {unknown}
 f - a scroll of fear {unknown}
 h - a scroll of enchant armour {unknown}


   Skills:
 + Level 2.4 Dodging
 + Level 2.7 Stealth
 + Level 2.2 Spellcasting
 + Level 4.3 Conjurations


You had 4 spell levels left.
You knew the following spells:

 Your Spells              Type           Power        Failure   Level
a - Magic Dart            Conj           72%          2%          1

Your spell library contained the following spells:

 Spells                   Type           Power        Failure   Level
 Searing Ray              Conj           36%          4%          2
 Dazzling Flash           Conj/Hex       20%          21%         3
 Fulminant Prism          Conj/Hex       5%           56%         4
 Iskenderun's Mystic Bla  Conj/Tloc      10%          56%         4


Dungeon Overview and Level Annotations

Branches:
Dungeon (1/15)

Altars:

Annotations:
D:2 Natasha


Innate Abilities, Weirdness & Mutations

You are small and have problems with some larger weapons.
You are completely attuned to the shadows.


Message History

Natasha hisses angrily.
Casting: Magic Dart (safe; 2% risk of failure)
Confirm with . or Enter, or press ? or * to list all spells.
Aiming: Magic Dart (safe; 2% risk of failure)
Press: ? - help, Shift-Dir - straight line, f/p - Natasha
Aim: Natasha (lightly wounded, 0% to evade)
The magic dart hits Natasha.
Natasha is moderately wounded.
Natasha barely misses you.
As you read the scroll labelled YMOMU FAKOMIFA, it crumbles to dust.
You feel aware of your surroundings.
You sensed 1 altar.
It was a scroll of magic mapping.
Natasha claws you!
Ouch! That really hurt!
Natasha claws you.
* * * LOW HITPOINT WARNING * * *
As you read the scroll labelled KOOSOL UDUICS, it crumbles to dust.
You feel strangely unstable.
It was a scroll of teleportation.
Natasha claws you!
Ouch! That really hurt!
You die...

#...#,,,,,,,,,,,,,,,,,,,,,,,,,**
###.#,,,,.#********************
#.###+#..,,,,* *,,,,,,,*
#†#......,,,,* *,****,**
#.#.....#***** *,* *,* #.....#.*
*,* *,* #####.######### *,* *,*
#........h.# *,* *,* #..#######@#
*,* *,* *####*#..# #.#
*,****+***** ,....##..#*****#.#
*,,,,,,,,,,, ,.......†#,,,,,..#
*,,>,,,,,,,,
,..........****..#****,,,,,,,,,,,
,...#......# *,,,,,,+,,,,,,,,,,,
,...#......# *,******,,,,,,,,,,,
,..,#......* *,***********,,,,,,
,,,,+,,,,,,* *,,,,,,,,,,,*,,,,,,


You could see Natasha.

Vanquished Creatures
  A bat (D:1)
  A giant cockroach (D:2)
  A hobgoblin (D:1)
  A kobold (D:1)
  A frilled lizard (D:1)
  2 rats
7 creatures vanquished.

Notes
Turn   | Place    | Note
-------+----------+-------------------------------------------
     0 | D:1      | jmlagarto the Kobold Conjurer began the quest for the Orb.
     0 | D:1      | Reached XP level 1. HP: 10/10 MP: 3/3
   392 | D:1      | You fall into a shaft and drop 1 floor!
   396 | D:2      | Reached XP level 2. HP: 15/15 MP: 1/5
   486 | D:2      | Noticed Natasha
   502 | D:2      | Slain by Natasha

Illustrated notes

Levels and vault maps discovered:
D:1:      nicolae_arrival_washed_ashore, layout_basic
D:2:      layout_basic, tso_metal_star, uniq_natasha

Action                   || total
-------------------------++-------
 Cast: Magic Dart        ||    16
  Use: Scroll            ||     2
Dodge: Dodged            ||     1
